[Event "St. Petersburg-ch 2021"]
[Site "St. Petersburg"]
[Date "2021.04.02"]
[Round "9.5"]
[White "Lobanov, Sergei"]
[Black "Levin, Evgeny A."]
[Result "1/2-1/2"]
[ECO "C24"]
[WhiteElo "2520"]
[BlackElo "2502"]
[Annotator "ChessBase"]
[PlyCount "52"]
[EventDate "2021.03.25"]
[EventType "swiss"]
[EventCountry "RUS"]
[SourceTitle "playchess.com"]
[Source "ChessBase"]
[SourceQuality "1"]
[TimeControl "40/5400+30:1800+30"]

1. e4 e5 2. Bc4 Nf6 3. d3 c6 4. Nf3 Be7 5. O-O d6 6. Re1 O-O 7. Nbd2 Nbd7 8. a3 Qc7 9. Ba2 Nc5 10. Nf1 Be6 11. Ng3 Bxa2 12. Rxa2 Rfe8 13. c3 Bf8 14. Bg5 Ncd7 15. d4 h6 16. Bxf6 Nxf6 17. Ra1 Rad8 18. Qc2 g6 19. Rad1 h5 20. Qc1 Ng4 21. Rd3 Bh6 22. Qd1 Bf4 23. Ne2 Bh6 24. Ng3 Bf4 25. Ne2 Bh6 26. Ng3 Bf4 1/2-1/2

[Event "St. Petersburg-ch 2021"]
[Site "St. Petersburg"]
[Date "2021.04.02"]
[Round "9.6"]
[White "Vlasenko, Miroslav"]
[Black "Palchun, Grigory"]
[Result "1/2-1/2"]
[ECO "C32"]
[WhiteElo "2433"]
[BlackElo "2348"]
[Annotator "ChessBase"]
[PlyCount "110"]
[EventDate "2021.03.25"]
[EventType "swiss"]
[EventCountry "RUS"]
[SourceTitle "playchess.com"]
[Source "ChessBase"]
[SourceQuality "1"]
[TimeControl "40/5400+30:1800+30"]

1. e4 e5 2. Nc3 Nf6 3. Bc4 Bc5 4. f4 d5 5. exd5 e4 6. d4 exd3 7. Qxd3 O-O 8. Nge2 Ng4 9. Rf1 Re8 10. Bd2 Ne3 11. Bxe3 Rxe3 12. Qd2 Re8 13. d6 c6 14. Qd3 b5 15. Bb3 Na6 16. Qf3 Qxd6 17. Ne4 Qe7 18. Nxc5 Nxc5 19. O-O-O Nxb3+ 20. axb3 Bb7 21. Ng3 c5 22. Qg4 Rad8 23. f5 Qe3+ 24. Kb1 Rd4 25. Rxd4 Qxd4 26. Qxd4 cxd4 27. Rd1 Bxg2 28. Rxd4 g6 29. Rd7 a5 30. Kc1 Kg7 31. Rd6 h5 32. fxg6 fxg6 33. Kd2 Re5 34. c4 Rc5 35. Rd4 Kf6 36. h4 Ke5 37. Ke3 Rc7 38. Ne2 bxc4 39. bxc4 Rb7 40. Nf4 Rb3+ 41. Nd3+ Kf5 42. Rf4+ Ke6 43. Kd4 Ke7 44. Rf2 Bh3 45. Ne5 Bf5 46. Nc6+ Kd6 47. Ne5 a4 48. c5+ Kc7 49. Kd5 a3 50. bxa3 Rxa3 51. Rf4 Ra1 52. Nf3 Rf1 53. Ke5 Rc1 54. Kd5 Rf1 55. Ke5 Rc1 1/2-1/2